 Dungeon Crawl Stone Soup version 0.30-a0-586-g23e55c9e0a (webtiles) character file.

Game seed: 17738534162624436167

29376 Alacron the Executioner (level 13, -1/102 HPs)
             Began as a Minotaur Berserker on Jan 4, 2023.
             Was a High Priest of Trog.
             Killed by divine providence
             ... invoked by an orc priest
              (11 damage)
             ... on level 2 of the Orcish Mines.
             The game lasted 00:47:56 (11761 turns).

Alacron the Executioner (Minotaur Berserker)       Turns: 11761, Time: 00:47:57

Health: -1/102     AC: 21    Str: 29    XL:     13   Next: 14%
Magic:  12/12      EV: 24    Int:  4    God:    Trog [*****.]
Gold:   1398       SH:  0    Dex: 11    Spells: 12/12 levels left

rFire   + + .      SeeInvis +    c - +11 broad axe of Odduokk {freeze, rPois Will- Str+3 SInv}
rCold   + . .      Faith    .    F - orb {mayhem}
rNeg    . . .      Spirit   .    L - +0 plate armour
rPois   +          Reflect  .    (helmet restricted)
rElec   .          Harm     .    l - scarf {rC+ rF+}
rCorr   .          Rampage  .    f - +2 pair of gloves
Will    .....                    I - +1 pair of boots Stlth
                                 p - amulet of the acrobat
HPRegen 0.37/turn                a - ring of protection from fire
MPRegen 0.13/turn                C - ring of flight

@: confused, on berserk cooldown, acrobatic, flying, slowed, very slow
A: horns 2, retaliatory headbutt
a: Renounce Religion, Berserk, Trog's Hand, Brothers in Arms


You were on level 2 of the Orcish Mines.
You worshipped Trog.
Trog was extremely pleased with you.
You visited 3 branches of the dungeon, and saw 14 of its levels.

You collected 1398 gold pieces.

Inventory:

Hand Weapons
 c - the +11 broad axe of Odduokk (weapon) {freeze, rPois Will- Str+3 SInv}
   (You acquired it on level 7 of the Dungeon)

   It freezes those it strikes, dealing additional cold damage.
   It can also slow down cold-blooded creatures.
   Str:       It affects your strength (+3).
   rPois:     It protects you from poison.
   SInv:      It lets you see invisible.
   Will:      It decreases your willpower.
 z - the +12 sling "Demonbane" {drain, Contam Fly rF+}
   (You found it on level 8 of the Dungeon)

   A truly terrible weapon, it drains the life of any living foe it strikes.
   rF:        It protects you from fire.
   Fly:       It grants you flight.
   Contam:    It causes magical contamination when unequipped.
Missiles
 K - a throwing net
Armour
 f - a +2 pair of gloves (worn)
 l - a scarf of resistance (worn)
 F - an orb of mayhem (worn)
 I - a +1 pair of boots (worn)
 L - a +0 plate armour (worn)
Jewellery
 a - a ring of protection from fire (left hand)
 p - an amulet of the acrobat (around neck)
 s - a ring of willpower
 v - a +6 ring of intelligence
 C - a ring of flight (right hand)
Wands
 r - a wand of mindburst (13)
 D - a wand of iceblast (15)
 G - a wand of paralysis (11)
Scrolls
 d - 11 scrolls of teleportation
 g - a scroll of butterflies
 h - a scroll of identify
 i - a scroll of poison {unknown}
 j - a scroll of fog {unknown}
 u - 3 scrolls of fear
 y - 3 scrolls of enchant armour {unknown}
 B - 4 scrolls of magic mapping {unknown}
 H - 4 scrolls of enchant weapon {unknown}
 J - a scroll of silence {unknown}
Potions
 b - 3 potions of heal wounds {unknown}
 e - 2 potions of magic
 k - 4 potions of flight {unknown}
 m - a potion of attraction {unknown}
 n - 7 potions of curing {unknown}
 o - 4 potions of might
 q - 2 potions of lignification {unknown}
 t - 2 potions of ambrosia {unknown}
 w - a potion of cancellation {unknown}
 x - 4 potions of haste {unknown}
 A - 6 potions of brilliance {unknown}
 E - 2 potions of degeneration {unknown}


   Skills:
 - Level 5.6 Fighting
 + Level 22.3 Axes
 + Level 12.7 Armour
 - Level 3.9 Dodging
 - Level 1.2 Stealth


You had 12 spell levels left.
You didn't know any spells.
Your spell library was empty.

Dungeon Overview and Level Annotations

Branches:
Dungeon (11/15)            Temple (0/1) D:4            Lair (1/5) D:8
    Orc (2/2) D:11
    Elf: Orc:2

Altars:
Okawaru
Sif Muna
Xom
Yredelemnul

Shops:
D:2 :

Annotations:
Orc:2 Jorgrun


Innate Abilities, Weirdness & Mutations

You have a pair of horns on your head.
You reflexively headbutt those who attack you in melee.


Message History

The orc warrior dies!
Trog accepts your kill.
The orc knight hits something with a +0 great mace!!
Trog accepts your kill.
You feel a bit more experienced.
Something hits the orc knight!
The orc warrior throws a boomerang.
The boomerang hits the orc knight.
The orc warrior throws a boomerang.
The boomerang hits you. The grasping roots constrict you.
You hear a shout!
Things that are here:
a +0 great mace; a +0 arbalest; an orc corpse The roots grasp on you weakens, but your attempt to escape fails.
The orc knight hits the orc warrior with a +0 broad axe!
The orc warrior dies!
Trog accepts your kill.
The orc knight hits the orc warrior with a +0 great mace.
Something hits the orc knight!
The orc warrior throws a boomerang.
The boomerang hits you but does no damage.
The orc warrior barely misses you.
An orc priest comes into view. It is wielding a +0 mace.
The grasping roots constrict you!
* * * LOW HITPOINT WARNING * * *
The orc knight barely misses something.
You hear a shout! x4
You are too confused!
You escape the roots grasp.
The orc knight hits the orc warrior with a +0 broad axe!!
The orc knight hits the orc warrior with a +0 broad axe.
Trog accepts your kill.
You feel a bit more experienced.
The orc wizard gestures at you while chanting.
You are more confused.
Jorgrun gestures at you while chanting. The iron shot misses you.
The orc knight closely misses the orc warrior.
The orc warrior hits you from afar with a +0 glaive!
* * * LOW HITPOINT WARNING * * *
The orc priest calls down the wrath of Beogh upon you.
Beogh smites you!
You die...

# ######## ###### #
...........## ##.##.##.
............### ##........
.##..##..##....###.#....#..
..........##..$.#......#...
≈..........#)....#......#..
≈≈≈........)..#..#.........
#≈≈≈≈...).@#..#............
##≈≈≈≈).oo)#..#............
...oo...)......#.........#.
.o..))oo...g...............
##≈≈≈≈.....#...#........##.
#≈≈≈≈......#..#..........##
≈≈≈o.....................#.
≈..........#..............#
..........##.............##


You could see Jorgrun, 3 orc warriors, an orc priest, an orc wizard (strong) and
2 neutral orc knights.

Vanquished Creatures
  Gastronok (D:8)
  Nessos (Orc:2)
  Azrael (Orc:2)
  Harold (D:10)
  Erolcha (D:9)
  A catoblepas (Lair:1)
  A two-headed ogre (D:10)
  Urug (Orc:1)
  Sonja (D:11)
  A fire crab (Lair:1)
  The ghost of Shayle the Ducker, a novice TeRe of Kikubaaqudgha (D:7)
  An orc knight (D:10)
  An orc sorcerer (Orc:1)
  2 cyclopes
  3 black mambas (Lair:1)
  2 gargoyles (D:11)
  2 cane toads (Lair:1)
  4 kobold demonologists (D:11)
  A troll (D:10)
  A polar bear (Lair:1)
  A hornet (D:4)
  A wraith (D:11)
  A vampire (D:10)
  19 yaks
  A shadow (D:9)
  4 wyverns
  3 basilisks
  A fire elemental (Orc:2)
  2 vampire mosquitoes (D:11)
  4 steam dragons
  An acid dragon (D:7)
  4 hell hounds (Orc:2)
  3 water moccasins (Lair:1)
  2 ice beasts
  2 black bears
  13 orc warriors
  A sky beast (D:6)
  4 ogres
  6 wolves (Lair:1)
  7 centaurs
  3 phantoms
  3 kobold brigands
  8 bullfrogs
  3 necrophages
  2 scorpions
  13 wights
  3 killer bees (D:9)
  2 howler monkeys
  A jelly (D:8)
  Crazy Yiuf (D:4)
  13 orc priests
  5 hounds
  3 gnoll boudas
  2 iguanas
  19 orc wizards
  2 hell rats (Lair:1)
  6 ogre zombies (D:11)
  7 gnolls
  7 adders
  A shadow imp (D:6)
  An ufetubus (D:6)
  2 worms
  A dart slug (D:4)
  40 orcs
  3 bats
  4 endoplasms
  5 giant cockroaches
  6 goblins
  12 hobgoblins
  4 jackals (D:3)
  11 kobolds
  A quokka (D:3)
  5 ball pythons
  2 frilled lizards
  3 goblin zombies (D:11)
  2 hobgoblin skeletons (D:11)
  2 hobgoblin zombies (D:11)
  3 orc skeletons (D:11)
  9 orc zombies (D:11)
  6 rats
334 creatures vanquished.

Vanquished Creatures (collateral kills)
  A hydra (Lair:1)
  An alligator (Lair:1)
  An elephant (Lair:1)
  A cane toad (Lair:1)
  A torpor snail (Lair:1)
  A troll (D:10)
  4 yaks
  10 orc warriors
  A phantom (D:11)
  A wolf (Lair:1)
  A bullfrog (Lair:1)
  A scorpion (Lair:1)
  A wight (D:8)
  A killer bee (D:9)
  A howler monkey (D:10)
  An electric eel (Lair:1)
  An orc priest (Orc:2)
  An orc wizard (Orc:2)
  A gnoll (D:8)
  12 orcs
  2 kobolds (D:11)
45 creatures vanquished.

Vanquished Creatures (others)
  A hydra (Lair:1)
  A manticore (Lair:1)
  A black mamba (Lair:1)
  Maurice (D:10)
  An orc priest (Orc:1)
  2 orcs
  4 fungi
  19 plants
30 creatures vanquished.

Grand Total: 409 creatures vanquished

Notes
Turn   | Place    | Note
-------+----------+-------------------------------------------
     0 | D:1      | Alacron the Minotaur Berserker began the quest for the Orb.
     0 | D:1      | Reached XP level 1. HP: 19/19 MP: 0/0
   218 | D:1      | Reached skill level 4 in Axes
   246 | D:1      | Reached XP level 2. HP: 26/27 MP: 1/1
   570 | D:2      | Found Wofam's Book Shop.
   638 | D:2      | Reached XP level 3. HP: 7/33 MP: 2/2
  1049 | D:2      | Reached XP level 4. HP: 41/41 MP: 3/3
  1149 | D:2      | Reached ** piety under Trog
  1280 | D:3      | Reached skill level 5 in Axes
  1401 | D:3      | Identified the +10 hand axe of Guile {pain, Str+4 Int+2}
  1909 | D:4      | Found a staircase to the Ecumenical Temple.
  1943 | D:4      | Found a runed translucent door.
  1944 | D:4      | Noticed Crazy Yiuf
  2000 | D:4      | Killed Crazy Yiuf
  2060 | D:4      | Reached XP level 5. HP: 47/47 MP: 4/4
  2394 | D:4      | Found a basalt altar of Yredelemnul.
  2506 | D:4      | Reached skill level 5 in Fighting
  2511 | D:4      | Reached skill level 6 in Axes
  2606 | D:4      | Reached XP level 6. HP: 41/56 MP: 5/5
  2667 | D:4      | Noticed a hornet
  2692 | D:4      | Reached skill level 1 in Stealth
  2712 | D:4      | Killed a hornet
  2713 | D:4      | Reached XP level 7. HP: 42/61 MP: 6/6
  2838 | D:4      | Noticed a steam dragon
  2844 | D:4      | Killed a steam dragon
  2845 | D:4      | Reached skill level 7 in Axes
  2845 | D:4      | Reached skill level 5 in Armour
  3179 | D:5      | Entered Level 5 of the Dungeon
  3394 | D:6      | Noticed a wyvern
  3409 | D:6      | Killed a wyvern
  3410 | D:6      | Reached skill level 8 in Axes
  3410 | D:6      | Reached XP level 8. HP: 52/70 MP: 7/7
  3595 | D:6      | Reached skill level 9 in Axes
  3668 | D:6      | Reached *** piety under Trog
  3860 | D:6      | Reached skill level 10 in Axes
  4361 | D:7      | Identified a scroll of acquirement
  4361 | D:7      | Acquired the +11 broad axe of Odduokk {freeze, rPois Will-
                  | Str+3 SInv}
  4555 | D:7      | Reached XP level 9. HP: 75/75 MP: 8/8
  4562 | D:7      | Reached skill level 11 in Axes
  4733 | D:7      | Noticed a cyclops
  4738 | D:7      | Killed a cyclops
  4753 | D:7      | Reached skill level 12 in Axes
  5089 | D:7      | Found a shimmering blue altar of Sif Muna.
  5089 | D:7      | Found a shimmering altar of Xom.
  5175 | D:7      | Found a runed translucent gate.
  5177 | D:7      | Found a runed translucent gate.
  5178 | D:7      | Found a runed translucent gate.
  5185 | D:7      | Noticed Shayle's ghost (novice TeRe)
  5257 | D:7      | Killed Shayle's ghost
  5414 | D:8      | Reached skill level 13 in Axes
  6024 | D:8      | Reached XP level 10. HP: 79/83 MP: 9/9
  6039 | D:8      | Found a staircase to the Lair.
  6080 | Lair:1   | Entered Level 1 of the Lair of Beasts
  6152 | Lair:1   | Reached skill level 14 in Axes
  6176 | Lair:1   | Noticed a black mamba
  6190 | Lair:1   | Killed a black mamba
  6199 | Lair:1   | Reached skill level 10 in Armour
  6200 | Lair:1   | Reached skill level 15 in Axes
  6324 | Lair:1   | Noticed a black mamba
  6332 | Lair:1   | Killed a black mamba
  6336 | Lair:1   | Reached **** piety under Trog
  6413 | Lair:1   | Reached skill level 16 in Axes
  6544 | Lair:1   | Noticed a catoblepas
  6561 | Lair:1   | Killed a catoblepas
  6697 | Lair:1   | Reached XP level 11. HP: 89/89 MP: 10/10
  6842 | Lair:1   | Reached skill level 17 in Axes
  6899 | Lair:1   | Noticed a fire crab
  6900 | Lair:1   | Noticed an alligator
  6900 | Lair:1   | Noticed a seven-headed hydra
  6901 | Lair:1   | Noticed a five-headed hydra
  6907 | Lair:1   | Killed an alligator
  6908 | Lair:1   | Killed a seven-headed hydra
  6909 | Lair:1   | Reached skill level 18 in Axes
  6913 | Lair:1   | Killed an eight-headed hydra
  6923 | Lair:1   | Killed a fire crab
  7180 | Lair:1   | Reached skill level 19 in Axes
  7623 | D:8      | Noticed Gastronok
  7633 | D:8      | Killed Gastronok
  7634 | D:8      | Reached XP level 12. HP: 89/95 MP: 11/11
  8054 | D:8      | Identified the +12 sling "Demonbane" {drain, Contam Fly
                  | rF+}
  8120 | D:9      | Noticed Erolcha
  8122 | D:9      | Killed Erolcha
  8282 | D:9      | Identified the +2 robe "Gebunero" {rF- rCorr Str+6 Dex-2}
  8294 | D:9      | Reached ***** piety under Trog
  8301 | D:9      | Reached skill level 20 in Axes
  8863 | D:10     | Entered Level 10 of the Dungeon
  8863 | D:10     | Noticed Maurice
  8876 | D:10     | Killed Maurice
  8935 | D:10     | Found an iron altar of Okawaru.
  9033 | D:10     | Noticed a two-headed ogre
  9038 | D:10     | Noticed Harold
  9043 | D:10     | Killed a two-headed ogre
  9049 | D:10     | Killed Harold
  9782 | D:11     | Reached skill level 21 in Axes
  9924 | D:11     | Found a staircase to the Orcish Mines.
 10149 | D:11     | Noticed Sonja
 10152 | D:11     | Paralysed by Sonja for 2 turns
 10158 | D:11     | Paralysed by Sonja for 2 turns
 10162 | D:11     | Killed Sonja
 10659 | Orc:1    | Entered Level 1 of the Orcish Mines
 10842 | Orc:1    | Received a gift from Trog
 11154 | Orc:1    | Noticed Urug
 11160 | Orc:1    | Killed Urug
 11245 | Orc:1    | Reached ****** piety under Trog
 11476 | Orc:2    | Entered Level 2 of the Orcish Mines
 11476 | Orc:2    | Noticed Azrael
 11565 | Orc:2    | Reached skill level 22 in Axes
 11567 | Orc:2    | Killed Azrael
 11568 | Orc:2    | Reached XP level 13. HP: 101/101 MP: 12/12
 11735 | Orc:2    | Noticed Nessos
 11750 | Orc:2    | Killed Nessos
 11754 | Orc:2    | Noticed Jorgrun
 11761 | Orc:2    | Killed from afar by an orc priest

Illustrated notes

Levels and vault maps discovered:
D:1:      minmay_arrival_open_corners, layout_basic,
          ebering_dispersal_statue_hall, minivault_4, minmay_pentomino_z4
D:2:      layout_basic, serial_shops, nicolae_shop_advertising_works
          [nicolae_subvault_shop_adworks]
D:3:      layout_loops_ring
D:4:      minmay_chambers_of_fours, layout_gridville,
          mainiacjoe_overflow_concentric_impassable, minmay_temple_entry_fiery,
          uniq_crazy_yiuf_cottage
D:5:      layout_basic, mainiacjoe_overflow_alcove_1, uniq_pikel
D:6:      layout_loops_ring, minmay_increasing_density
D:7:      layout_loops_ring, minitemple, ebering_ghost_rock_garden,
          minmay_three_doors
D:8:      minmay_weird_star, layout_basic, dpeg_oklobed_lair,
          chequers_arboretum, uniq_gastronok
D:9:      layout_basic, uniq_erolcha
D:10:     cheibrodos_orc_bank, layout_basic, kennysheep_okawaru_gauntlet,
          uniq_harold, uniq_maurice
D:11:     layout_roguey, zombieorc1_lemuel, abandoned_shop, uniq_sonja
Lair:1:   layout_chaotic_city, nicolae_lair_lakeside_cave
Orc:1:    layout_diamond_mine, uniq_urug
Orc:2:    st_orc_rangers, layout_caves, serial_shops, nicolae_shop_stone,
          uniq_azrael, uniq_nessos, uniq_jorgrun

Skill      XL: |  1  2  3  4  5  6  7  8  9 10 11 12 |
---------------+-------------------------------------+-----
Axes           | 4 5 6 8 10 13 16 19 22 | 22.3
Fighting       | 4 5 |  5.6
Armour         | 3 4 6 8 9 10 11 12 | 12.7
Dodging        | 3 |  3.9
Stealth        | 1 |  1.2

Action                   |  1- 3 |  4- 6 |  7- 9 | 10-12 | 13-15 || total
-------------------------+-------+-------+-------+-------+-------++-------
Melee: Hand axe          |    68 |   112 |   114 |       |       ||   294
       Headbutt          |     7 |    12 |    19 |    72 |     4 ||   114
       Broad axe         |       |       |    43 |   372 |    30 ||   445
Invok: Berserk           |     1 |     2 |     5 |     8 |     1 ||    17
  Use: Scroll            |       |     4 |     6 |       |       ||    10
 Stab: Sleeping          |     2 |       |       |       |       ||     2
       Distracted        |       |       |       |     1 |     2 ||     3
Armor: Animal skin       |    29 |     3 |       |       |       ||    32
       Ring mail         |       |    52 |    41 |       |       ||    93
       Acid dragon scale |       |       |     5 |    62 |       ||    67
       Plate armour      |       |       |       |    56 |    15 ||    71
Dodge: Dodged            |    31 |    49 |   117 |   205 |    39 ||   441

Table legend: (Time is in decaauts)
 A = Elapsed time spent in this place.
 B = Non-inter-level travel time spent in this place.
 C = Inter-level travel time spent in this place.
 D = Time resting spent in this place.
 E = Time spent auto-exploring this place.
 F = Levels seen in this place.
 G = Mean time per level.
                   A        B        C        D        E       F      G
               +--------+--------+--------+--------+--------+-----+--------+
         Total |  11810 |  11136 |    674 |     78 |   9231 |  14 |  843.6 |
       Dungeon |   9216 |   8628 |    588 |      4 |   7146 |  11 |  837.8 |
          Lair |   1508 |   1458 |     50 |      0 |   1258 |   1 | 1508.0 |
  Orcish Mines |   1086 |   1051 |     35 |     74 |    827 |   2 |  543.0 |
               +--------+--------+--------+--------+--------+-----+--------+

Top non-repeatable levels by time:
  Lair:1: 1508 daAuts
     D:4: 1333 daAuts
     D:7: 1233 daAuts
     D:8: 1222 daAuts
    D:11: 948 daAuts
     D:6: 895 daAuts
   Orc:1: 888 daAuts
    D:10: 818 daAuts
     D:9: 756 daAuts
     D:2: 711 daAuts
     D:3: 637 daAuts
     D:1: 544 daAuts
   Orc:2: 198 daAuts
     D:5: 113 daAuts
